Unix NetHack Version 3.7.0-59 Work-in-progress - last build Jun 10 2022 21:35:17 (269ebc553a09d9b09a54fc2bf78f790ba6831286,branch:master). Game began 2022-06-10 20:40:22, ended 2022-06-10 23:34:42. Lawliet, lawful male human Samurai ------ #..<..| #|....| #..{..| ####|....| -------- #####.....| |......| ----.---------- ## # --|--- |....... ---------------- |..............### # # |..>...| ###-..............| ##@u#####............... #### # |......| # |..........)...-##### |.............-### ## |......| # |.....(........| ---..-....----- # |......-### ---------------- # -------- #### # 0######## ## -|--.-+-- |......{| |.......| --------- Lawliet the Ninja St:16 Dx:15 Co:18 In:10 Wi:7 Ch:9 Lawful Dlvl:5 $:332 HP:0(74) Pw:26(26) AC:4 Exp:7 T:3650 Latest messages: You get zapped! You kill the grid bug! Where do you want to travel to? (For instructions type a '?') You descend the stairs. Where do you want to travel to? (For instructions type a '?') You descend the stairs. Where do you want to travel to? (For instructions type a '?') Where do you want to travel to? (For instructions type a '?') You climb up the stairs. Where do you want to travel to? (For instructions type a '?') You climb up the stairs. You remember this level as box. Where do you want to travel to? (For instructions type a '?') The giant beetle bites! You miss the giant beetle. The giant beetle bites! You hit the giant beetle! The giant beetle turns to flee. You kill the giant beetle! You see here a giant beetle corpse. There is a giant beetle corpse here; eat it? [ynq] (n) y Ecch - that must have been poisonous! You seem unaffected by the poison. You finish eating the giant beetle corpse. Where do you want to travel to? (For instructions type a '?') q - a whistle called magic. What do you want to adjust? [a-eh-qsvx-zA-CE-GI-O or ?*] q Adjust letter to what [fgqrtuwDHP-Z] (? see used letters)? w Moving: w - a whistle called magic. Where do you want to travel to? (For instructions type a '?') The gray unicorn butts! The gray unicorn kicks! The gray unicorn butts! The gray unicorn misses! What do you want to write with? [- acdilCFJ-M or ?*] - You write in the dust with your fingertip. What do you want to write in the dust here? Elbereth The gray unicorn butts! The gray unicorn kicks! You die... Do you want your possessions identified? [ynq] (y) y Do you want to see your attributes? [ynq] (y) q Major events: Turn 1: Lawliet the lawful male human Samurai entered the dungeon 692: attained the rank of Ronin (level 3) 843: entered the Gnomish Mines 1897: attained the rank of Ninja (level 6) 2127: entered Sokoban 2499: completed sokoban 1 3650: killed by a gray unicorn Inventory: Coins $ - 332 gold pieces Weapons i - 8 cursed poisoned -1 orcish arrows d - 37 +0 ya (in quiver) c - a +0 yumi a - a +0 katana (weapon in hand) l - a +0 wakizashi (alternate weapon; not wielded) Armor v - an uncursed +0 helm of brilliance j - an uncursed +0 orcish helm y - a cursed -1 pair of iron shoes e - an uncursed rustproof +0 splint mail (being worn) Comestibles o - an uncursed gunyoki O - an uncursed partly eaten gunyoki m - an uncursed tripe ration Scrolls s - an uncursed scroll of blank paper x - an uncursed scroll of confuse monster k - a blessed scroll of earth E - an uncursed scroll of earth p - an uncursed scroll of enchant armor N - an uncursed scroll of identify n - an uncursed scroll of light h - a cursed scroll of light Potions I - a blessed potion of enlightenment z - an uncursed potion of extra healing B - an uncursed potion of healing A - an uncursed potion of restore ability G - a blessed potion of speed Rings F - an uncursed ring of warning Wands C - a wand of opening (0:5) Tools b - an empty uncursed sack w - an uncursed magic whistle Gems/Stones M - 2 uncursed diamonds J - an uncursed worthless piece of blue glass K - 2 uncursed worthless pieces of violet glass L - an uncursed worthless piece of white glass Lawliet the Samurai's attributes: Background: You were a Ninja, a level 7 male human Samurai. You were lawful, on a mission for Amaterasu Omikami who was opposed by Raijin (neutral) and Susanowo (chaotic). You were in the Dungeons of Doom, on level 5. You entered the dungeon 3650 turns ago. It was nighttime. You had 669 experience points, 611 more were needed to attain level 8. Basics: You had 0 out of 74 hit points. You had all 26 energy points (spell power). Your armor class was 4. Your wallet contained 332 zorkmids. Autopickup was off. Final Characteristics: Your strength was 16 (peak:17, limit:18/100). Your dexterity was 15 (limit:18). Your constitution was 18 (limit:18). Your intelligence was 10 (limit:18). Your wisdom was 7 (limit:18). Your charisma was 9 (limit:18). Final Status: You were not hungry. You were unencumbered. You were wielding a long sword. You were skilled in long sword. Final Attributes: You were piously aligned. You were poison resistant. You were telepathic. You were warded. You were fast. You are dead. Miscellaneous: You encountered 1 bones level. Total elapsed playing time was 42 minutes and 57 seconds. Vanquished creatures: a chameleon 4 giant beetles 3 quivering blobs a gold golem a dust vortex a raven a snake a rope golem an Uruk-hai a rock mole a pony 2 yellow lights a gnome leader 2 giant ants a little dog 3 floating eyes a kobold leader a kobold shaman a giant bat 2 orc zombies a werejackal an iguana 2 killer bees an acid blob 3 giant rats 2 yellow molds a green mold 2 gnomes a garter snake a gecko 8 jackals a fox a kobold a goblin 5 sewer rats 2 grid bugs 2 lichens a kobold zombie 3 newts 69 creatures vanquished. No species were genocided or became extinct. Voluntary challenges: You read items or engraved 6 times. You engraved Elbereth 4 times. You never genocided any monsters. You never polymorphed an object. You never changed form. You used no wishes. You did not violate any of the special Sokoban rules. Achievements: You attained the rank of Ronin. You entered the Gnomish Mines. You attained the rank of Ninja. You entered a shop. You entered Sokoban. The Dungeons of Doom: levels 1 to 8 Level 1: Level 2: Level 3: Level 4: "chest" Some fountains. Stairs down to The Gnomish Mines. Level 5: "box" <- You were here. Some fountains. Final resting place for you, killed by a gray unicorn. Level 6: A fountain. Level 7: Many fountains. Oracle of Delphi. Level 8: "vault" A potion shop, a fountain, a grave. Stairs up to Sokoban, level 7. The Gnomish Mines: Level 5: Final resting place for nmlkj-Wiz-Hum-Mal-Neu, killed by an arrow. Sokoban: levels 7 up to 6 Level 6: Unsolved. Level 7: Solved. Game over: ---------- / \ / REST \ / IN \ / PEACE \ / \ | Lawliet | | 332 Au | | killed by a gray | | unicorn | | | | | | 2022 | *| * * * | * _________)/\\_//(\/(/\)/\//\/|_)_______ Sayonara Lawliet the Samurai... You died in The Dungeons of Doom on dungeon level 5 with 3325 points, and 332 pieces of gold, after 3650 moves. You were level 7 with a maximum of 74 hit points when you died.